 Dungeon Sprint DCSS version 0.23.0 (webtiles) character file.

Game seed: 2159101999421560282

73800000 Groucho the Champion of Chaos (level 27, 249/249 HPs)
             Began as a Gnoll Skald on Feb 11, 2019.
             Was the Champion of Makhleb.
             Escaped with the Orb!
             The game lasted 00:12:13 (369 turns).

Groucho the Champion of Chaos (Gnoll Skald)          Turns: 369, Time: 00:12:13

Health: 249/249    AC:  6    Str: 15    XL:     27
Magic:  54/54      EV: 37    Int: 16    God:    Makhleb [******]
Gold:   0          SH:  0    Dex: 26    Spells: 77/80 levels left

rFire    . . .     SeeInvis .   c - +∞ Axe of Woe
rCold    . . .     Gourm    .   (shield currently unavailable)
rNeg     . . .     Faith    .   b - +0 leather armour
rPois    .         Spirit   .   (no helmet)
rElec    .         Reflect  .   (no cloak)
rCorr    .         Harm     .   (no gloves)
MR       ++...     NoTele   +   (no boots)
Stlth    ++++......             (no amulet)
HPRegen  0.51/turn              (no ring)
MPRegen  0.34/turn              (no ring)

@: no status effects
A: distributed training, fangs 1, strong nose
0: Orb of Zot
a: Minor Destruction, Lesser Servant of Makhleb, Major Destruction, Greater
Servant of Makhleb, Renounce Religion


You escaped.
You worshipped Makhleb.
Makhleb was exalted by your worship.
You were full.

You visited 1 branch

Inventory:

Hand Weapons
 c - the +∞ Axe of Woe (weapon)
   (You found it in the Dungeon)
 k - a +9 war axe
Armour
 b - a +0 leather armour (worn)
Jewellery
 a - a +100 ring of slaying
 d - a +100 ring of slaying
 e - a +27000 ring of slaying
 f - a +100 ring of slaying
 g - a +200 ring of slaying
 h - a +30 ring of slaying
 i - a +30 ring of slaying
 l - a +30 ring of slaying
 m - a +30 ring of slaying
 n - a +30 ring of slaying
 o - a +30 ring of slaying
 p - a +30 ring of slaying
 q - a +30 ring of slaying
 r - a +30 ring of slaying
 s - a +30 ring of slaying
 t - a +200 ring of slaying
 u - a +200 ring of slaying
 v - a +30 ring of slaying
 w - a +30 ring of slaying
 x - a +30 ring of slaying
 y - a +30 ring of slaying
 z - a +30 ring of slaying
 A - a +30 ring of slaying
 B - a +30 ring of slaying
 C - a +30 ring of slaying
 D - a +30 ring of slaying
 E - a +30 ring of slaying
 F - a +30 ring of slaying
 G - a +30 ring of slaying
 H - a +30 ring of slaying
 I - a +30 ring of slaying
 J - a +30 ring of slaying
 K - a +30 ring of slaying
 L - a +30 ring of slaying
 M - a +30 ring of slaying
 N - a +100 ring of slaying
 O - a +30 ring of slaying
 P - a +30 ring of slaying
 Q - a +30 ring of slaying
 R - a +30 ring of slaying
 S - a +30 ring of slaying
 T - a +30 ring of slaying
 U - a +30 ring of slaying
 V - a +30 ring of slaying
 W - a +30 ring of slaying
 X - a +30 ring of slaying
 Y - a +30 ring of slaying
 Z - a +30 ring of slaying
Scrolls
 j - a scroll of blinking


   Skills:
 O Level 27 Fighting
 O Level 27 Short Blades
 O Level 27 Long Blades
 O Level 27 Axes
 O Level 27 Maces & Flails
 O Level 27 Polearms
 O Level 27 Staves
 O Level 27 Slings
 O Level 27 Bows
 O Level 27 Crossbows
 O Level 27 Throwing
 O Level 27 Armour
 O Level 27 Dodging
 O Level 27 Stealth
 O Level 27 Shields
 O Level 27 Unarmed Combat
 O Level 27 Spellcasting
 O Level 27 Conjurations
 O Level 27 Hexes
 O Level 27 Charms
 O Level 27 Summonings
 O Level 27 Necromancy
 O Level 27 Translocations
 O Level 27 Transmutations
 O Level 27 Fire Magic
 O Level 27 Ice Magic
 O Level 27 Air Magic
 O Level 27 Earth Magic
 O Level 27 Poison Magic
 O Level 27 Invocations
 O Level 27 Evocations


You had 77 spell levels left.
You knew the following spells:

 Your Spells              Type           Power        Failure   Level  Hunger
a - Infusion              Chrm           ####         0%          1    None
b - Shroud of Golubria    Chrm/Tloc      #######...   0%          2    None

Your spell library contained the following spells:

 Spells                   Type           Power        Failure   Level  Hunger
 Song of Slaying          Chrm           #######.     0%          2    None
 Regeneration             Chrm/Necr      #######...   0%          3    None
 Spectral Weapon          Hex/Chrm       #######.     0%          3    None


Dungeon Overview and Level Annotations

Branches:
Dungeon (1/1)

Altars:
Makhleb


Innate Abilities, Weirdness & Mutations

Your experience applies equally to all skills.
You have very sharp teeth.
Your uncanny sense of smell can sniff out nearby items.


Message History

You hear a shout!
You hear a shout! x3
Your pack is full.
Items here: !! ))))))))))) ========= ÷ †† You can't carry that many items.
You hear a shout! x2
There is a staircase leading out of the dungeon, spattered with blood here.
You see here a +9 giant spiked club.
You hear a shout! x4
You hear a shout! x3
You hear a shout! x2
You start waiting.
You hear a shout!
An orange demon comes into view.
You slice the orange demon!! You chop the orange demon into pieces.
You kill the orange demon!
Makhleb accepts your kill.
You hear a shout! x2
You hear a shout! x2
You have escaped!

.... ...X ..... ...
#... ...# . #... ...#
.... ..###...
...###......
.....%.###...........
........_............
....#.))))#.......#.
. #_)@)_#.o.......
.#.))))#).....#.#
........_%)).%.......
......%###.........#
o.###.......###......
. #.......# .....
#.......# ....
......... ...
..o........ .#


There were no monsters in sight!

Vanquished Creatures
  Dispater (D)
  3 vampire knights (D)
  24 ogres (D)
  6 two-headed ogres (D)
  138 orcs (D)
  An ancient lich (D)
  3 pandemonium lords (D)
  A tentacled monstrosity (D)
  An Ice Fiend (D)
  2 Orb Guardians (D)
  A lich (D)
  A daeva (D)
  An orange demon (D)
  2 ice devils (D)
  A small abomination (D)
  2 ball lightnings (D)
188 creatures vanquished.

Vanquished Creatures (others)
  3 ball lightnings (D)
3 creatures vanquished.

Grand Total: 191 creatures vanquished

Notes
Turn   | Place    | Note
-------+----------+-------------------------------------------
     0 | D        | Found the +∞ Axe of Woe
     0 | D        | Groucho the Gnoll Skald began the quest for the Orb.
     0 | D        | Reached XP level 1. HP: 20/20 MP: 6/6
     4 | D        | Became a worshipper of Makhleb the Destroyer
     5 | D        | Noticed a bag of meat
     6 | D        | Noticed a bag of meat
     7 | D        | Noticed a bag of meat
    12 | D        | Killed a bag of meat
    12 | D        | Reached skill level 10 in Short Blades
    12 | D        | Reached skill level 10 in Long Blades
    12 | D        | Reached skill level 10 in Maces & Flails
    12 | D        | Reached skill level 10 in Polearms
    12 | D        | Reached skill level 10 in Staves
    12 | D        | Reached skill level 10 in Slings
    12 | D        | Reached skill level 10 in Bows
    12 | D        | Reached skill level 10 in Crossbows
    12 | D        | Reached skill level 10 in Throwing
    12 | D        | Reached skill level 10 in Stealth
    12 | D        | Reached skill level 10 in Shields
    12 | D        | Reached skill level 10 in Unarmed Combat
    12 | D        | Reached skill level 10 in Charms
    12 | D        | Reached skill level 10 in Evocations
    12 | D        | Reached XP level 2. HP: 38/38 MP: 6/14
    12 | D        | Reached XP level 3. HP: 44/44 MP: 6/16
    12 | D        | Reached XP level 4. HP: 51/51 MP: 6/17
    12 | D        | Reached XP level 5. HP: 57/57 MP: 6/19
    12 | D        | Reached XP level 6. HP: 63/63 MP: 6/20
    12 | D        | Reached XP level 7. HP: 69/69 MP: 6/22
    12 | D        | Reached XP level 8. HP: 76/76 MP: 6/23
    12 | D        | Reached XP level 9. HP: 82/82 MP: 6/24
    12 | D        | Reached XP level 10. HP: 89/89 MP: 6/25
    12 | D        | Reached XP level 11. HP: 95/95 MP: 6/26
    12 | D        | Reached XP level 12. HP: 101/101 MP: 6/27
    12 | D        | Killed a bag of meat
    12 | D        | Reached * piety under Makhleb
    12 | D        | Reached skill level 10 in Conjurations
    12 | D        | Reached skill level 10 in Hexes
    12 | D        | Reached skill level 10 in Summonings
    12 | D        | Reached skill level 10 in Necromancy
    12 | D        | Reached skill level 10 in Translocations
    12 | D        | Reached skill level 10 in Transmutations
    12 | D        | Reached skill level 10 in Fire Magic
    12 | D        | Reached skill level 10 in Ice Magic
    12 | D        | Reached skill level 10 in Air Magic
    12 | D        | Reached skill level 10 in Earth Magic
    12 | D        | Reached skill level 10 in Poison Magic
    12 | D        | Reached XP level 13. HP: 111/111 MP: 6/30
    12 | D        | Noticed a bag of meat
    14 | D        | Killed a bag of meat
    14 | D        | Reached XP level 14. HP: 120/120 MP: 6/32
    15 | D        | Noticed a meat berserker
    16 | D        | Noticed a bag of meat
    18 | D        | Noticed a bag of meat
    19 | D        | Killed a meat berserker
    19 | D        | Reached skill level 15 in Fighting
    19 | D        | Reached skill level 15 in Short Blades
    19 | D        | Reached skill level 15 in Long Blades
    19 | D        | Reached skill level 15 in Axes
    19 | D        | Reached skill level 15 in Maces & Flails
    19 | D        | Reached skill level 15 in Polearms
    19 | D        | Reached skill level 15 in Staves
    19 | D        | Reached skill level 15 in Slings
    19 | D        | Reached skill level 15 in Bows
    19 | D        | Reached skill level 15 in Crossbows
    19 | D        | Reached skill level 15 in Throwing
    19 | D        | Reached skill level 15 in Armour
    19 | D        | Reached skill level 15 in Dodging
    19 | D        | Reached skill level 15 in Stealth
    19 | D        | Reached skill level 15 in Shields
    19 | D        | Reached skill level 15 in Unarmed Combat
    19 | D        | Reached skill level 15 in Spellcasting
    19 | D        | Reached skill level 15 in Evocations
    19 | D        | Reached XP level 15. HP: 130/130 MP: 7/34
    19 | D        | Noticed a meat berserker
    20 | D        | Noticed a meat berserker
    24 | D        | Killed a meat berserker
    24 | D        | Reached ** piety under Makhleb
    24 | D        | Reached skill level 15 in Charms
    24 | D        | Reached XP level 16. HP: 141/141 MP: 9/37
    25 | D        | Reached skill level 15 in Conjurations
    25 | D        | Reached skill level 15 in Hexes
    25 | D        | Reached skill level 15 in Summonings
    25 | D        | Reached skill level 15 in Necromancy
    25 | D        | Reached skill level 15 in Translocations
    25 | D        | Reached skill level 15 in Transmutations
    25 | D        | Reached skill level 15 in Fire Magic
    25 | D        | Reached skill level 15 in Ice Magic
    25 | D        | Reached skill level 15 in Air Magic
    25 | D        | Reached skill level 15 in Earth Magic
    25 | D        | Reached skill level 15 in Poison Magic
    26 | D        | Killed a meat berserker
    26 | D        | Reached *** piety under Makhleb
    26 | D        | Reached XP level 17. HP: 153/153 MP: 9/40
    27 | D        | Noticed a meat berserker
    28 | D        | Reached XP level 18. HP: 164/164 MP: 10/42
    30 | D        | Reached **** piety under Makhleb
    32 | D        | Killed a meat berserker
    32 | D        | Reached XP level 19. HP: 174/174 MP: 11/45
    37 | D        | Noticed a meat berserker
    37 | D        | Learned a level 2 spell: Shroud of Golubria
    37 | D        | Noticed a meat berserker
    39 | D        | Noticed a meat berserker
    40 | D        | Noticed a meat berserker
    40 | D        | Killed a meat berserker
    42 | D        | Killed a meat berserker
    42 | D        | Reached ***** piety under Makhleb
    42 | D        | Killed a meat berserker
    42 | D        | Reached XP level 20. HP: 168/189 MP: 14/48
    45 | D        | Killed a meat berserker
    46 | D        | Reached XP level 21. HP: 199/199 MP: 15/50
    46 | D        | Reached skill level 27 in Invocations
    47 | D        | Noticed a large bag of meat
    49 | D        | Noticed a large bag of meat
    50 | D        | Reached ****** piety under Makhleb
    50 | D        | Reached skill level 27 in Fighting
    50 | D        | Reached skill level 27 in Axes
    50 | D        | Reached skill level 27 in Dodging
    50 | D        | Reached skill level 27 in Spellcasting
    54 | D        | Reached skill level 27 in Short Blades
    54 | D        | Reached skill level 27 in Long Blades
    54 | D        | Reached skill level 27 in Maces & Flails
    54 | D        | Reached skill level 27 in Polearms
    54 | D        | Reached skill level 27 in Staves
    54 | D        | Reached skill level 27 in Slings
    54 | D        | Reached skill level 27 in Bows
    54 | D        | Reached skill level 27 in Crossbows
    54 | D        | Reached skill level 27 in Throwing
    54 | D        | Reached skill level 27 in Armour
    54 | D        | Reached skill level 27 in Stealth
    54 | D        | Reached skill level 27 in Shields
    54 | D        | Reached skill level 27 in Unarmed Combat
    54 | D        | Reached skill level 27 in Evocations
    54 | D        | Reached XP level 22. HP: 212/212 MP: 17/53
    55 | D        | Killed a large bag of meat
    57 | D        | Reached skill level 27 in Charms
    57 | D        | Reached skill level 27 in Conjurations
    57 | D        | Reached skill level 27 in Hexes
    57 | D        | Reached skill level 27 in Summonings
    57 | D        | Reached skill level 27 in Necromancy
    57 | D        | Reached skill level 27 in Translocations
    57 | D        | Reached skill level 27 in Transmutations
    57 | D        | Reached skill level 27 in Fire Magic
    57 | D        | Reached skill level 27 in Ice Magic
    57 | D        | Reached skill level 27 in Air Magic
    57 | D        | Reached skill level 27 in Earth Magic
    57 | D        | Reached skill level 27 in Poison Magic
    57 | D        | Reached XP level 23. HP: 219/219 MP: 18/54
    57 | D        | Killed a large bag of meat
    61 | D        | Reached XP level 24. HP: 227/227 MP: 19/54
    64 | D        | Reached XP level 25. HP: 234/234 MP: 20/54
    72 | D        | Reached XP level 26. HP: 242/242 MP: 22/54
    83 | D        | Reached XP level 27. HP: 249/249 MP: 23/54
   124 | D        | Noticed a destroyer
   129 | D        | Killed a destroyer
   140 | D        | Noticed a destroyer
   143 | D        | Killed a destroyer
   146 | D        | Noticed a destroyer
   152 | D        | Killed a destroyer
   152 | D        | Noticed The Meatlord
   158 | D        | Killed The Meatlord
   160 | D        | Got the Orb of Zot
   163 | D        | Noticed a large bag of meat
   172 | D        | Killed a large bag of meat
   177 | D        | Noticed a large bag of meat
   183 | D        | Killed a large bag of meat
   191 | D        | Noticed a large bag of meat
   214 | D        | Noticed Dag Finn the pandemonium lord
   219 | D        | Killed Dag Finn the pandemonium lord
   255 | D        | Killed a large bag of meat
   255 | D        | Noticed a large bag of meat
   259 | D        | Noticed an ancient lich
   262 | D        | Noticed Feofali the pandemonium lord
   264 | D        | Killed a large bag of meat
   268 | D        | Killed Feofali the pandemonium lord
   269 | D        | Killed an ancient lich
   276 | D        | Noticed Jyduda Gaick the pandemonium lord
   279 | D        | Killed Jyduda Gaick the pandemonium lord
   369 | D        | Escaped with the Orb!

Skill      XL: |  1  2  3  4  5  6  7  8  9 10 11 12 13 14 15 16 17 18 19 20 21 22 |
---------------+-------------------------------------------------------------------+-----
Fighting       | 11 13 14 15 17 19 20 22 24 25 27 | 27.0
Short Blades   | 10 12 13 15 16 19 20 21 24 25 27 | 27.0
Long Blades    | 10 12 13 15 16 19 20 21 24 25 27 | 27.0
Axes           | 11 13 14 15 17 19 20 22 24 25 27 | 27.0
Maces & Flails | 10 12 13 15 16 19 20 21 24 25 27 | 27.0
Polearms       | 10 12 13 15 16 19 20 21 24 25 27 | 27.0
Staves         | 10 12 13 15 16 19 20 21 24 25 27 | 27.0
Slings         | 10 12 13 15 16 19 20 21 24 25 27 | 27.0
Bows           | 10 12 13 15 16 19 20 21 24 25 27 | 27.0
Crossbows      | 10 12 13 15 16 19 20 21 24 25 27 | 27.0
Throwing       | 10 12 13 15 16 19 20 21 24 25 27 | 27.0
Armour         | 11 12 13 15 16 19 20 21 24 25 27 | 27.0
Dodging        | 11 13 14 15 17 19 20 22 24 25 27 | 27.0
Stealth        | 10 12 13 15 16 19 20 21 24 25 27 | 27.0
Shields        | 10 12 13 15 16 19 20 21 24 25 27 | 27.0
Unarmed Combat | 10 12 13 15 16 19 20 21 24 25 27 | 27.0
Spellcasting   | 11 13 14 15 17 19 20 22 24 25 27 | 27.0
Conjurations   | 9 10 11 13 14 16 17 19 21 23 27 | 27.0
Hexes          | 9 10 11 13 14 16 17 19 21 23 27 | 27.0
Charms         | 10 11 12 14 15 17 18 19 21 22 24 27 | 27.0
Summonings     | 9 10 11 13 14 16 17 19 21 23 27 | 27.0
Necromancy     | 9 10 11 13 14 16 17 19 21 23 27 | 27.0
Translocations | 9 10 11 13 14 16 17 19 21 23 27 | 27.0
Transmutations | 9 10 11 13 14 16 17 19 21 23 27 | 27.0
Fire Magic     | 9 10 11 13 14 16 17 19 21 23 27 | 27.0
Ice Magic      | 9 10 11 13 14 16 17 19 21 23 27 | 27.0
Air Magic      | 9 10 11 13 14 16 17 19 21 23 27 | 27.0
Earth Magic    | 9 10 11 13 14 16 17 19 21 23 27 | 27.0
Poison Magic   | 9 10 11 13 14 16 17 19 21 23 27 | 27.0
Invocations    | 11 13 14 16 18 20 21 23 25 26 27 | 27.0
Evocations     | 10 12 13 15 16 19 20 21 24 25 27 | 27.0

Action                   |  1- 3 |  4- 6 |  7- 9 | 10-12 | 13-15 | 16-18 | 19-21 | 22-24 | 25-27 || total
-------------------------+-------+-------+-------+-------+-------+-------+-------+-------+-------++-------
Melee: Executioner's axe |     1 |       |       |       |     3 |     5 |     8 |     8 |   112 ||   137
 Cast: Shroud of Golubri |       |       |       |       |       |       |       |       |     2 ||     2
       Infusion          |       |       |       |       |       |       |       |       |     1 ||     1
 Stab: Distracted        |       |       |       |       |       |       |       |       |     1 ||     1
  Eat: Ration            |       |       |       |       |       |       |       |       |     1 ||     1
Dodge: Dodged            |       |       |       |       |       |       |       |       |    13 ||    13
